 Dungeon Crawl Stone Soup version 0.22-a0-448-g1fb7470 (webtiles) character file.

49 xccam the Ruffian (level 3, -1/28 HPs)
             Began as a Draconian Transmuter on June 4, 2018.
             Slain by a frilled lizard (3 damage)
             ... on level 2 of the Dungeon.
             The game lasted 00:02:46 (1217 turns).

xccam the Ruffian (Draconian Transmuter)            Turns: 1217, Time: 00:02:46

Health: -1/28      AC:  2    Str: 12    XL:     3   Next: 51%
Magic:  2/7        EV: 19    Int: 14    God:
Gold:   80         SH:  0    Dex: 16    Spells: 1/7 levels left

rFire    . . .     SeeInvis .     - Unarmed
rCold    . . .     Gourm    .   (shield currently unavailable)
rNeg     . . .     Faith    .   (armour unavailable)
rPois    x         Spirit   .   (helmet currently unavailable)
rElec    .         Reflect  .   (cloak currently unavailable)
rCorr    .         Harm     .   (gloves currently unavailable)
MR       .....                  (boots currently unavailable)
Stlth    +.........             (no amulet)
HPRegen  0.09/turn              (no ring)
MPRegen  0.10/turn              (no ring)

@: spider-form (expiring)
A: tiny, unfitting armour, AC +5
a: End Transformation


You were on level 2 of the Dungeon.
You were not hungry.
You were a venomous arachnid creature.
You visited 1 branch of the dungeon, and saw 2 of its levels.

You collected 80 gold pieces.

Inventory:

Missiles
 a - 28 arrows
Scrolls
 b - 3 scrolls of teleportation {unknown}
 e - a scroll of fear {unknown}
 f - a scroll of magic mapping {unknown}
 g - 2 scrolls of remove curse {unknown}
Comestibles
 c - 2 rations


   Skills:
 - Level 1.1 Fighting
 - Level 1.7 Dodging
 + Level 3.3 Unarmed Combat
 * Level 2.7 Spellcasting
 * Level 2.9 Transmutations
 + Level 0.2 Poison Magic


You had one spell level left.
You knew the following spells:

 Your Spells              Type           Power        Failure   Level  Hunger
a - Beastly Appendage     Tmut           ##....       19%         1    #......
b - Sticks to Snakes      Tmut           ##......     24%         2    ###....
c - Spider Form           Tmut/Pois      #.........   56%         3    ###....

Your spell library contained the following spells:

 Spells                   Type           Power        Failure   Level  Hunger
 Blade Hands              Tmut           ##........   96%         5    ######.
 Ice Form                 Ice/Tmut       #.......     90%         4    #####..


Dungeon Overview and Level Annotations

Branches:
Dungeon (2/15)

Altars:
Nemelex Xobeh

Annotations:
D:2 Jessica


Innate Abilities, Weirdness & Mutations

((Your plain brown scales are hard. (AC +5)))
You cannot fit into any form of body armour.
((You are cold-blooded and may be slowed by cold attacks.))


Message History

Pain shoots through your body!
* * * LOW HITPOINT WARNING * * *
The bat completely misses you.
Your ball python loses its grip on Jessica.
Your ball python barely misses the bat.
Your ball python closely misses the bat.
The bat closely misses you. The bat hits your ball python.
Jessica mumbles something strange.
Jessica completely misses you.
Your ball python closely misses the bat.
Your ball python misses the bat.
The bat misses you.
Jessica mumbles some strange words.
Jessica blinks!
The bat misses you.
Jessica completely misses your ball python.
You barely miss the frilled lizard. The bat misses you.
Your ball python closely misses the bat. x2
The frilled lizard bites you.
You die...

..........## .............
..........#.# ..........#.#
#+# .. ...#.#....#.### #.#
... ...#.#........#
#####.####... ...#.#........#
#...........#
...#.#........###...........#
.###.....##.....sl..........#
..##.....##.....bS...........
..##.....##.......@†.........
#.##.....##..................
#..#.###....###.....##.......
...#.# #....# #.....# .......
.#...# #....# #.....# .......
.....# #....# #.....# ###....
#'''########........# ....


You could see Jessica, a bat, a frilled lizard and a friendly ball python.

Vanquished Creatures
  2 adders (D:2)
  A leopard gecko (D:2)
  A giant cockroach (D:1)
  7 goblins
  A hobgoblin (D:2)
  2 jackals (D:1)
  9 kobolds
  A quokka (D:2)
  2 bats
  A frilled lizard (D:1)
  2 rats
29 creatures vanquished.

Notes
Turn   | Place    | Note
-------+----------+-------------------------------------------
     0 | D:1      | xccam the Draconian Transmuter began the quest for the Orb.
     0 | D:1      | Reached XP level 1. HP: 16/16 MP: 3/3
   112 | D:1      | Reached XP level 2. HP: 18/23 MP: 3/5
   272 | D:1      | Learned a level 2 spell: Sticks to Snakes
   667 | D:2      | Found a sparkling altar of Nemelex Xobeh.
   708 | D:2      | Reached XP level 3. HP: 26/28 MP: 6/6
   713 | D:2      | Learned a level 3 spell: Spider Form
   751 | D:2      | HP: 2/42 [poisoned by an adder]
  1202 | D:2      | Noticed Jessica
  1212 | D:2      | HP: 1/28 [Jessica/nerve-wracking pain (11)]
  1217 | D:2      | Slain by a frilled lizard

Vault maps used:
D:1:      lemuel_arrival_hallway, serial_bayou_lagoon_b
D:2:      nemelex_altar_shiori, first_ration, uniq_jessica, uniq_natasha

Action                   || total
-------------------------++-------
Melee: Unarmed           ||   110
       Tailslap          ||    11
       Kick              ||     6
       Punch             ||     2
       Headbutt          ||     2
 Cast: Beastly Appendage ||     7
       Spider Form       ||     1
       Sticks to Snakes  ||     1
  Use: Potion            ||     2
  Eat: Chunk             ||     1
Armor: Skin              ||    29
Dodge: Dodged            ||    86

Table legend:
 A = Spawn XP
 B = Non-spawn XP
 C = Spawn XP percentage of total XP
 D = Spawn monster count
 E = Non-spawn monster count
 F = Spawn count percentage of total count
 G = Total turns spent on level
                    A         B        C        D         E        F      G
               +---------+---------+-------+---------+---------+-------+---------
         Total |       0 |      70 |   0.0 |       0 |      29 |   0.0 |  1217
               +---------+---------+-------+---------+---------+-------+---------
           D:1 |       0 |      31 |   0.0 |       0 |      18 |   0.0 |   563
           D:2 |       0 |      39 |   0.0 |       0 |      11 |   0.0 |   654
               +---------+---------+-------+---------+---------+-------+---------
